Map: Ruins of Endion

Players

Scipios

  • Race: Zerg Zerg

Gracz - Winner!

  • Race: Terran Terran

VOD

Have the link to the VOD?

Description

Time

  • Played on: May 4, 2016, 2:44 p.m.
  • Length: 10:49
Show
View Real Time Build Order
Export as new Build Order

Scipios Zerg 

Build Orders: Pool First 

Get SALT Encoding   

  12  0:03  Drone  
  13  0:35  Spawning Pool  
  12  0:37  Drone  
  12  0:38  Drone  
  14  0:45  Overlord  
  14  1:29  Roach Warren  
  14  1:32  Zergling x4  
  15  1:33  Zergling x2  
  16  1:42  Extractor  
  16  1:43  Drone  
  16  2:13  Hatchery  
  15  2:27  Drone x2  
  17  2:35  Queen  
  19  2:44  Drone  
  20  3:01  Overlord  
  20  3:25  Drone  
  23  3:34  Roach x3  
  27  3:50  Overlord  
  27  3:58  Metabolic Boost  
  27  4:05  Evolution Chamber  
  26  4:16  Roach  
  28  4:19  Zergling x4  
  30  4:38  Roach  
  30  4:41  Roach  
  34  4:49  Overlord  
  34  4:53  Drone x2  
  36  5:07  Queen  
  36  5:11  Drone x2  
  40  5:24  Roach x2  
  44  5:51  Overlord  
  44  6:06  Overlord  
  44  6:28  Zergling x4  
  44  6:29  Zergling x8  
  50  6:40  Zerg Ground Armor Level 1  
  50  6:42  Drone  
  51  6:53  Drone  
  52  6:59  Overlord  
  52  7:40  Drone x5  
  52  7:41  Drone x3  
  60  7:46  Burrow  
  60  8:40  Overlord x2  
  60  9:47  Extractor  
  60  9:49  Hatchery  
  58  10:15  Roach x8  
Show
View Real Time Build Order
Export as new Build Order

Gracz Terran - Winner!

Build Orders: MMM Bio 

Get SALT Encoding   

  12  0:02  SCV  
  13  0:14  SCV  
  14  0:21  Supply Depot  
  14  0:33  Refinery  
  14  0:50  Barracks  
  14  0:56  Barracks  
  14  0:58  SCV  
  15  1:36  SCV  
  16  1:43  Barracks Reactor  
  16  1:54  Barracks Tech Lab  
  16  2:06  Orbital Command  
  16  2:07  Barracks  
  16  2:23  Stimpack  
  16  2:29  Marine x2  
  17  2:30  Marine  
  19  2:40  Supply Depot  
  19  3:05  Barracks Reactor  
  19  3:19  Factory  
  19  3:30  Marine x3  
  22  3:36  SCV  
  22  3:38  Refinery  
  23  3:43  Supply Depot  
  23  3:48  Marine x3, SCV  
  25  3:53  Marine x2  
  29  4:00  SCV  
  29  4:01  Bunker  
  30  4:06  Marine  
  31  4:12  Starport  
  31  4:16  Factory Reactor  
  31  4:34  SCV  
  32  4:46  SCV  
  32  4:52  Combat Shields  
  33  4:58  SCV  
  34  5:10  SCV  
  35  5:18  Marine  
  35  5:19  Marine x3  
  35  5:21  Factory Reactor  
  39  5:26  Supply Depot  
  39  5:38  Command Center  
  39  5:47  Marine x2  
  41  5:57  Medivac x2  
  41  6:02  Hellion  
  47  6:12  Supply Depot  
  47  6:16  Hellion  
  49  6:27  Medivac x2  
  53  6:55  Marine x3  
  53  6:56  Marine  
  53  6:57  Medivac x2  
  53  6:59  Siege Tank  
  64  7:06  Refinery  
  64  7:11  SCV  
  65  7:16  Marine  
  65  7:17  Marine x4  
  65  7:18  Marine  
  65  7:21  Refinery  
  71  7:23  SCV  
  71  7:28  SCV  
  73  7:34  Marine  
  73  7:35  SCV  
  75  7:40  SCV  
  76  7:47  SCV  
  77  7:52  SCV  
  78  8:06  SCV  
  78  8:07  Supply Depot  
  79  8:18  SCV  
  80  8:32  Marine x6  
  86  8:34  Medivac  
  88  8:49  Marine  
  88  8:50  Marine x5  
  94  9:11  Orbital Command  
  94  9:15  Marine x4  
  98  9:24  Marine x2  
  98  9:28  Supply Depot  
  98  9:30  Medivac  
  102  9:42  Marine x6, Medivac  
  110  9:46  Supply Depot  
  110  9:49  Supply Depot  
  110  10:00  Marine, Medivac  
  113  10:12  Medivac, Supply Depot  
Tags
 
Add a new tag
Caveats
  • Supply blocks, unpowered buildings, or Contaminate may cause inaccurate times.
  • Supply counts are checked every 10 seconds.